 Dungeon Crawl Stone Soup version 0.29.1-12-g30fa7ad0bf (webtiles) character file.

Game seed: 1938546592857536888

2878 DemonSlayer the Geomancer (level 9, -4/61 HPs)
             Began as a Demonspawn Earth Elementalist on Jan 18, 2023.
             Was an Initiate of Cheibriados.
             Slain by a two-headed ogre
             ... wielding a +0 giant club
              (26 damage)
             ... on level 8 of the Dungeon.
             The game lasted 00:17:49 (9774 turns).

DemonSlayer the Geomancer (DsEE)                    Turns: 9774, Time: 00:17:51

Health: -4/61      AC: 10    Str: 10    XL:     9   Next: 48%
Magic:  13/21      EV: 13    Int: 22    God:    Cheibriados [......]
Gold:   486        SH:  0    Dex: 14    Spells: 1/24 levels left

rFire   + . .      SeeInvis .   m - +3 dagger (venom)
rCold   . . .      Faith    .   (no shield)
rNeg    . . .      Spirit   .   n - +3 ring mail {rPois}
rPois   +          Reflect  .   (no helmet)
rElec   .          Harm     .   q - +0 cloak
rCorr   .          Rampage  .   f - +0 pair of gloves
Will    .....                   (no boots)
Stlth   ++........              (no amulet)
HPRegen 0.20/turn               r - ring of protection from fire
MPRegen 0.17/turn               (no ring)

@: very slow
A: repulsion field 1, foul stench 2, powered by pain 1, demonic touch 1
a: Renounce Religion


You were on level 8 of the Dungeon.
You worshipped Cheibriados.
Cheibriados was noncommittal.
You visited 2 branches of the dungeon, and saw 9 of its levels.

You collected 486 gold pieces.

Inventory:

Hand Weapons
 m - a +3 dagger of venom (weapon)
Missiles
 A - 2 boomerangs of dispersal
Armour
 f - a +0 pair of gloves (worn)
 i - a +1 ring mail of positive energy
 n - a +3 ring mail of poison resistance (worn)
 q - a +0 cloak (worn)
Magical Staves
 t - a staff of conjuration
Jewellery
 r - a ring of protection from fire (left hand)
Wands
 u - a wand of polymorph (10)
 x - a wand of iceblast (4)
 B - a wand of mindburst (19)
Scrolls
 a - a scroll of identify
 d - 2 scrolls of immolation
 g - a scroll of magic mapping
 y - a scroll of fear
Potions
 b - a potion of ambrosia {unknown}
 c - a potion of attraction {unknown}
 e - a potion of might
 h - a potion of haste {unknown}
 j - 2 potions of degeneration {unknown}
 k - a potion of lignification {unknown}
 l - a potion of cancellation {unknown}
 o - a potion of berserk rage {unknown}
 p - a potion of mutation {unknown}
 s - 2 potions of heal wounds
 v - 2 potions of curing
 w - a potion of flight {unknown}


   Skills:
 + Level 1.9 Fighting
 + Level 1.0 Short Blades
 + Level 3.2 Dodging
 + Level 3.1 Stealth
 + Level 8.1 Spellcasting
 + Level 1.4 Conjurations
 + Level 0.8 Transmutations
 + Level 8.2 Earth Magic
 + Level 0.2 Evocations


You had one spell level left.
You knew the following spells:

 Your Spells              Type           Power      Damage    Failure   Level
a - Sandblast             Erth           90%        2d19      1%          1
b - Passwall              Tmut/Erth      24%        N/A       4%          2
c - Stone Arrow           Conj/Erth      60%        3d10      8%          3
d - Ensorcelled Hibernat  Hex/Ice        16%        N/A       28%         2
e - Petrify               Tmut/Erth      29%        N/A       28%         4
f - Alistair's Intoxicat  Tmut/Pois      6%         N/A       99%         5
g - Summon Guardian Gole  Hex/Summ       8%         N/A       50%         3
h - Call Canine Familiar  Summ           8%         N/A       50%         3

Your spell library contained the following spells:

 Spells                   Type           Power      Damage    Failure   Level
 Foxfire                  Conj/Fire      48%        2x1d6     14%         1
 Apportation              Tloc           16%        N/A       19%         1
 Summon Small Mammal      Summ           32%        N/A       19%         1
 Spider Form              Tmut/Pois      10%        N/A       43%         3
 Inner Flame              Hex/Fire       8%         N/A       50%         3
 Sticky Flame             Conj/Fire      12%        2d4       80%         4
 Anguish                  Hex/Necr       4%         N/A       88%         4
 Fire Storm               Conj/Fire      6%         8d2       100%        9


Dungeon Overview and Level Annotations

Branches:
Dungeon (8/15)             Temple (1/1) D:6
   Lair: D:8-11

Altars:
Cheibriados
Dithmenos
Fedhas
Gozag
Hepliaklqana
Kikubaaqudgha
Makhleb
Nemelex Xobeh
Okawaru
Qazlal
Ru
Sif Muna
Trog
Vehumet
Wu Jian
Xom
Yredelemnul


Innate Abilities, Weirdness & Mutations

You are surrounded by a mild repulsion field. (EV +2)
You sometimes emit foul miasma when damaged in melee.
You sometimes gain a little power by taking damage.
Your touch may inflict minor irresistible damage on your foes.


Message History

The blast of sand hits the orc warrior but does no damage.
The mass of ice explodes!
The iceblast engulfs the orc warrior!
The orc warrior is moderately wounded.
That beam is likely to hit you.
Continue anyway?
Okay, then.
You throw a boomerang of dispersal.
The boomerang of dispersal barely misses the orc warrior.
The boomerang of dispersal hits the two-headed ogre but does no damage.
The orc warrior hits you with a +0 hand axe.
You throw a boomerang of dispersal.
The boomerang of dispersal hits the two-headed ogre.
The two-headed ogre blinks!
The two-headed ogre is lightly wounded.
The stone arrow hits the orc warrior!!
The orc warrior is severely wounded.
The orc warrior hits you with a +0 hand axe.
The orc hits you but does no damage.
The stone arrow hits the orc warrior!!
You kill the orc warrior!
Cheibriados appreciates the change of pace.
The orc closely misses you.
The stone arrow misses the orc.
The orc hits you with a +0 club.
The stone arrow misses the orc.
The orc hits you with a +0 club.
The stone arrow hits the orc!!
You kill the orc!
Cheibriados thoroughly appreciates the change of pace.
The stone arrow hits the two-headed ogre!
The two-headed ogre is moderately wounded.
The two-headed ogre misses you.
The two-headed ogre hits you with a +0 giant club!
You focus on the pain.
You feel your power returning.
You emit a cloud of foul miasma!
The stone arrow hits the two-headed ogre!!
The two-headed ogre is severely wounded.
The two-headed ogre is engulfed in dark miasma.
The two-headed ogre is poisoned.
The two-headed ogre seems to slow down.
The two-headed ogre hits you with a +0 giant club!!
You focus on the pain.
You feel your power returning.
The two-headed ogre hits you with a +0 giant club!!
You die...

.. .. .....##.. . #..
#.#..##.. #.#.# #.. #
#.#..#..# #.#.# #.#
#.#.......# #...# #.#
.#......##.###....###.#
...............##..##.#
..............####.##.#
..=...).....)@........#
........###.).O.......####
# #...##..#
#.........#....###.# ..#
#..# #.........###......#
# #..#
#.........##........ #..#
#.........#.<....... #..#
#.........#......... #..#
#.........#.........
#.........#.........


You could see a two-headed ogre (poisoned, slow).

Vanquished Creatures
  Prince Ribbit (D:6)
  A steam dragon (D:6)
  Duvessa (D:6)
  An orc warrior (D:8)
  A black bear (D:6)
  2 ogres
  2 centaurs
  6 phantoms
  A bullfrog (D:4)
  3 scorpions
  A necrophage (D:5)
  2 water moccasin zombies (D:5)
  Dowan (D:6)
  3 electric eels (D:7)
  2 howler monkeys
  2 centaur zombies (D:5)
  An orc priest (D:6)
  2 bullfrog zombies (D:5)
  2 jellies (D:6)
  4 hounds
  4 bullfrog skeletons (D:5)
  3 iguanas
  A scorpion zombie (D:5)
  A killer bee zombie (D:5)
  A hound zombie (D:5)
  2 howler monkey zombies (D:5)
  3 gnolls (D:4)
  7 adders
  2 howler monkey skeletons (D:5)
  2 shadow imps
  A white imp (D:6)
  2 ufetubi
  An adder skeleton (D:5)
  A worm (D:2)
  4 dart slugs
  12 orcs
  12 ball pythons
  7 bats
  4 endoplasms
  4 giant cockroaches
  6 goblins
  4 hobgoblins
  10 jackals
  5 kobolds
  2 quokkas (D:3)
  4 frilled lizards
  A rat (D:2)
145 creatures vanquished.

Vanquished Creatures (others)
  An orc wizard (D:6)
  A plant (D:7)
2 creatures vanquished.

Grand Total: 147 creatures vanquished

Notes
Turn   | Place    | Note
-------+----------+-------------------------------------------
     0 | D:1      | DemonSlayer the Demonspawn Earth Elementalist began the
                  | quest for the Orb.
     0 | D:1      | Reached XP level 1. HP: 13/13 MP: 3/3
   216 | D:1      | Gained mutation: You are surrounded by a mild repulsion
                  | field. (EV +2) [demonic ancestry]
   216 | D:1      | Reached XP level 2. HP: 19/19 MP: 3/5
   244 | D:1      | Learned a level 2 spell: Passwall
  1551 | D:2      | Gained mutation: You sometimes gain a little power by
                  | taking damage. [demonic ancestry]
  1551 | D:2      | Reached XP level 3. HP: 20/24 MP: 2/6
  2091 | D:2      | Found an ornate altar of the Wu Jian Council.
  2879 | D:2      | Learned a level 3 spell: Stone Arrow
  2992 | D:3      | Found a sparkling altar of Nemelex Xobeh.
  2995 | D:3      | Found a blossoming altar of Fedhas.
  3163 | D:3      | Reached XP level 4. HP: 30/30 MP: 6/8
  3434 | D:3      | Found a faded altar of an unknown god.
  4129 | D:3      | Learned a level 2 spell: Ensorcelled Hibernation
  4152 | D:4      | Noticed a scorpion
  4158 | D:4      | Killed a scorpion
  4159 | D:4      | Gained mutation: Your touch may inflict minor irresistible
                  | damage on your foes. [demonic ancestry]
  4159 | D:4      | Reached XP level 5. HP: 23/35 MP: 5/10
  4289 | D:4      | Noticed a phantom
  4296 | D:4      | Killed a phantom
  4415 | D:4      | Reached XP level 6. HP: 32/42 MP: 7/12
  4587 | D:4      | Reached skill level 5 in Earth Magic
  4681 | D:4      | Got the Grimoire of Pyromania
  4940 | D:4      | Found a shadowy altar of Dithmenos.
  5080 | D:4      | Learned a level 4 spell: Petrify
  5333 | D:5      | Entered Level 5 of the Dungeon
  5357 | D:5      | Reached skill level 5 in Spellcasting
  5357 | D:5      | Reached XP level 7. HP: 20/47 MP: 8/14
  5363 | D:5      | HP: 2/47 [phantom (5)]
  5874 | D:5      | Gained mutation: You may rarely emit foul miasma when
                  | damaged in melee. [demonic ancestry]
  5874 | D:5      | Reached XP level 8. HP: 44/53 MP: 9/16
  6228 | D:5      | You fall into a shaft and drop 2 floors!
  6646 | D:7      | Found an opulent altar of Gozag.
  6732 | D:7      | Reached skill level 1 in Fighting
  7382 | D:7      | Learned a level 5 spell: Alistair's Intoxication
  7408 | D:6      | Reached skill level 1 in Short Blades
  7917 | D:6      | Found a hazy altar of Hepliaklqana.
  8043 | D:6      | Found a staircase to the Ecumenical Temple.
  8047 | D:6      | Noticed Duvessa
  8074 | D:6      | Noticed Dowan
  8075 | D:6      | Killed Duvessa
  8076 | D:6      | Gained mutation: You sometimes emit foul miasma when
                  | damaged in melee. [demonic ancestry]
  8076 | D:6      | Reached XP level 9. HP: 51/59 MP: 1/20
  8080 | D:6      | Killed Dowan
  8476 | Temple   | Entered the Ecumenical Temple
  8746 | Temple   | Became a worshipper of Cheibriados the Contemplative
  8806 | Temple   | Learned a level 3 spell: Summon Guardian Golem
  8880 | D:6      | Noticed Prince Ribbit
  8882 | D:6      | Killed Prince Ribbit
  8910 | D:6      | Reached skill level 1 in Conjurations
  9645 | D:5      | Learned a level 3 spell: Call Canine Familiar
  9757 | D:8      | Noticed a two-headed ogre
  9774 | D:8      | Slain by a two-headed ogre

Illustrated notes

Levels and vault maps discovered:
D:1:      roderic_chinese_lattice_arrival, layout_loops_ring
D:2:      layout_basic, basic_altar, grunt_ministairs_12,
          minmay_misc_feat_rugged, minmay_statues_item, minmay_pentomino_u2
D:3:      layout_basic, nicolae_overflow_squiral,
          nicolae_ecumenical_snake_handling, minmay_pentomino_pile
D:4:      layout_cave_pools, nicolae_dithmenos_the_darkroom,
          serial_column_ruins, column_ruins_hut, column_ruins_open_small,
          column_ruins_open_tiny, column_ruins_grid_2,
          column_ruins_corridor_straight, column_ruins_open_small,
          column_ruins_columns_straight
D:5:      layout_basic, serial_undead, serial_undead_c, serial_undead_d,
          serial_undead_c, serial_undead_a, serial_undead_e, serial_undead_c,
          serial_undead_d, serial_undead_b
D:6:      layout_loops_ring, nzn_hepliaklqana_mist_gate,
          minmay_temple_entry_proselytizer, st_stairs_4, uniq_prince_ribbit1,
          uniq_duvessa
D:7:      layout_gridville, grunt_gozag_statues, serial_bayou_lake_a
D:8:      layout_rooms, nicolae_wu_jian_glorious_leap, minmay_crossroads
Temple:   minmay_temple_curvy_branch

Skill      XL: |  1  2  3  4  5  6  7  8  9 |
---------------+----------------------------+-----
Earth Magic    | 3 4 5 6 7 8 |  8.2
Spellcasting   | 3 4 5 7 8 |  8.1
Dodging        | 2 3 |  3.2
Stealth        | 2 3 |  3.1
Fighting       | 1 |  1.9
Short Blades   | 1 |  1.0
Conjurations   | 1 |  1.4
Transmutations | |  0.8
Evocations     | |  0.2

Action                   |  1- 3 |  4- 6 |  7- 9 || total
-------------------------+-------+-------+-------++-------
Melee: Unarmed           |    14 |       |       ||    14
       Dagger            |     1 |     2 |    18 ||    21
       Punch             |     1 |       |       ||     1
       Touch             |       |       |     4 ||     4
Throw: Boomerang         |       |       |     2 ||     2
 Cast: Sandblast         |    64 |    61 |   128 ||   253
       Stone Arrow       |       |     4 |    20 ||    24
Evoke: Wand              |       |       |     3 ||     3
  Use: Scroll            |     3 |     7 |     6 ||    16
       Potion            |     1 |     1 |     4 ||     6
Armor: Robe              |    12 |     6 |    23 ||    41
       Ring mail         |       |       |     1 ||     1
Dodge: Dodged            |    45 |    19 |   103 ||   167
